 Dungeon Crawl Stone Soup version 0.17-a0-1853-ge1bd2c8 (webtiles) character file.

380 Grim the Basher (level 6, -6/66 HPs)
             Began as an Ogre Gladiator on Sept 20, 2015.
             Mangled by a phantom (7 damage)
             ... on level 4 of the Dungeon.
             The game lasted 00:05:49 (3835 turns).

Grim the Basher (Ogre Gladiator)                    Turns: 3835, Time: 00:05:49

Health: -6/66      AC:  3    Str: 24    XL:     6   Next: 75%
Magic:  6/6        EV: 10    Int:  7    God:
Gold:   176        SH:  0    Dex: 12    Spells: 0 memorised, 5 levels left

rFire  . . .     SeeInvis .     a - +0 flail
rCold  . . .     Clarity  .     b - +0 robe
rNeg   . . .     SustAt   .     (no shield)
rPois  .         Gourm    .     c - +0 hat
rElec  .         Spirit   .     (no cloak)
rCorr  .         Warding  .     (gloves unavailable)
rMut   .         Stasis   .     (boots unavailable)
MR     .....                    (no amulet)
Stlth  +.........               (no ring)
                                u - +3 ring of strength

@: not resistant to hostile enchantments, very unstealthy
A: unfitting armour, tough skin 1
a: no special abilities


You were on level 4 of the Dungeon.
You were not hungry.

You visited 1 branch of the dungeon, and saw 4 of its levels.
You also visited: Ossuary.

You collected 176 gold pieces.

Inventory:

Hand weapons
 a - a +0 flail (weapon)
Missiles
 d - 3 throwing nets (quivered)
 q - 4 large rocks
Armour
 b - a +0 robe (worn)
 c - a +0 hat (worn)
Jewellery
 u - a +3 ring of strength (left hand)
 v - a +3 ring of protection {unknown}
Magical devices
 w - a wand of fire (6)
Scrolls
 h - a scroll of blinking {unknown}
 i - a scroll of enchant weapon {unknown}
 k - a scroll of random uselessness {unknown}
 o - a scroll of amnesia {unknown}
 t - a scroll of teleportation {unknown}
 y - 3 scrolls of fear {unknown}
Potions
 f - 2 potions of lignification {unknown}
 g - a potion of cure mutation {unknown}
 j - 3 potions of flight {unknown}
 l - 2 potions of curing {unknown}
 p - a potion of degeneration {unknown}
 r - a potion of poison {unknown}
 s - a potion of ambrosia {unknown}
Comestibles
 e - 2 bread rations
 m - 2 beef jerkies
 n - 4 fruits


   Skills:
 + Level 5.5 Fighting
 * Level 8.3 Maces & Flails
 - Level 2.1 Throwing
 - Level 2.6 Dodging


You had 5 spell levels left.
You didn't know any spells.

Dungeon Overview and Level Annotations

Branches:
Dungeon (4/15)
 Temple: D:4-7

Altars:
Dithmenos
Gozag
Okawaru


Innate Abilities, Weirdness & Mutations

You are too large for most types of armour.
You have tough skin (AC +1).


Message History

You sock the phantom!
The phantom is moderately damaged.
The phantom barely misses you.
You miss the phantom.
The phantom is moderately damaged.
The phantom hits you!
* * * LOW HITPOINT WARNING * * *
You closely miss the phantom.
The phantom is moderately damaged.
The phantom hits you!
* * * LOW HITPOINT WARNING * * *
The phantom blinks!
You thump the phantom!
The phantom is heavily damaged.
The phantom hits you.
* * * LOW HITPOINT WARNING * * *
You thump the phantom!
The phantom is severely damaged.
The phantom hits you!
You die...

.........### .... #.......
......>.... ...............
.........##### ......$#....###
.............# .......#....#
.............###............###
.................... #.....#..
.................# #.....#..
.................# #.....#..
.............W@..# #.....#..
##########.....### #.....#..
####.....# #.....#.. #........#
#.....#.. #........# ###.###..
#...####.### #..##..
#...##.....# ##.####
#...##.....# #.# #...##.....#
#.##


You could see a phantom.

Vanquished Creatures
  Sigmund (D:3)
  2 iguanas (D:4)
  3 worker ants (D:4)
  A mummy (D:4)
  2 hound skeletons (D:4)
  An ooze (D:3)
  A worm (D:3)
  A giant gecko (D:1)
  5 bats
  A giant cockroach (D:3)
  9 goblins
  3 hobgoblins
  3 jackals (D:1)
  7 giant newts (D:1)
  A goblin zombie (D:4)
  2 hobgoblin zombies (Ossuary)
  A jackal skeleton (D:3)
  7 kobolds
  A kobold zombie (Ossuary)
  An orc zombie (Ossuary)
  2 quokkas
  8 rats
  A rat zombie (D:4)
64 creatures vanquished.

Notes
Turn   | Place    | Note
--------------------------------------------------------------
     0 | D:1      | Grim the Ogre Gladiator began the quest for the Orb.
     0 | D:1      | Reached XP level 1. HP: 22/22 MP: 1/1
     0 | D:1      | Noticed an iron dragon
     0 | D:1      | Noticed an iron dragon
     0 | D:1      | Noticed an iron dragon
     2 | D:1      | Noticed an iron dragon
     5 | D:1      | Noticed a tentacled monstrosity
     6 | D:1      | Noticed an orb of fire
     8 | D:1      | Noticed an ice dragon
    10 | D:1      | Noticed a tentacled monstrosity
    12 | D:1      | Noticed an ice dragon
    12 | D:1      | Noticed a tentacled monstrosity
    14 | D:1      | Noticed an iron dragon
    14 | D:1      | Noticed an ice dragon
    14 | D:1      | Noticed a large abomination
    16 | D:1      | Noticed a shadow dragon
    16 | D:1      | Noticed a shadow dragon
    16 | D:1      | Noticed a shadow dragon
    18 | D:1      | Noticed a black draconian
    18 | D:1      | Noticed a large abomination
    20 | D:1      | Noticed a shadow dragon
   152 | D:1      | Reached XP level 2. HP: 10/29 MP: 2/2
   805 | D:1      | Reached skill level 5 in Maces & Flails
  1255 | D:1      | Reached XP level 3. HP: 37/37 MP: 3/3
  1914 | D:3      | Noticed Sigmund
  1934 | D:3      | Killed Sigmund
  1934 | D:3      | Reached skill level 7 in Maces & Flails
  1934 | D:3      | Reached XP level 4. HP: 2/49 MP: 4/4
  1934 | D:3      | Reached XP level 5. HP: 2/55 MP: 5/5
  2256 | D:3      | Found an iron altar of Okawaru.
  2473 | D:3      | Found a shadowy altar of Dithmenos.
  2548 | D:3      | Found an opulent altar of Gozag.
  2882 | D:4      | Reached XP level 6. HP: 57/65 MP: 6/6
  2892 | D:4      | Reached skill level 5 in Fighting
  3034 | D:4      | Found a sand-covered staircase.
  3047 | Ossuary  | Entered an ossuary
  3542 | D:4      | Reached skill level 8 in Maces & Flails
  3834 | D:4      | HP: 1/66 [phantom (6)]
  3835 | D:4      | Mangled by a phantom

Vault maps used:
D:1:      shiori_arrival_whats_in_store_for_you, serial_glass, glass_columns_b,
          glass_columns_a, glass_columns_c, glass_columns_c, glass_columns_a,
          glass_columns_b, minmay_lizard_king
D:2:      columned_hall_lemuel, mrwooster_statue_mirror
D:3:      lemuel_coloured_pillars_altar, okawaru_metal_pillars_3,
          hangedman_abyss_or_decor_lesser_grid, grunt_dithmenos_smoke,
          uniq_sigmund
D:4:      enter_ossuary_4
Ossuary:  ossuary_tomb_3

Action                   |  1- 3 |  4- 6 || total
-------------------------+-------+-------++-------
Melee: Flail             |   125 |   113 ||   238
  Eat: Chunk             |     2 |     3 ||     5
       Bread ration      |       |     1 ||     1
